 Dungeon Crawl Stone Soup version 0.32-a0-699-g1ee5eff69a (webtiles) character file.

Game seed: 10225481116720779430

48 bobo the Charlatan (level 3, -9/26 (27) HPs)
             Began as a Coglin Artificer on Mar 14, 2024.
             Mangled by Crazy Yiuf
             ... wielding a +2 quarterstaff of chaos
              (13 damage)
             ... on level 2 of the Dungeon.
             The game lasted 00:06:38 (1543 turns).

bobo the Charlatan (Coglin Artificer)               Turns: 1543, Time: 00:06:39

HP:   -9/26 (27)    AC:  3    Str: 14    XL:     3   Next: 72%
MP:   3/3           EV: 10    Int: 10    God:
Gold: 75            SH:  0    Dex: 14    Spells: 2/2 levels left

rFire   . . .        p - +0 hammer {Pete}
rCold   . . .        o - +2 dagger (venom) {Yashnoor}
rNeg    . . .        b - +0 leather armour
rPois   .            (no helmet)
rElec   .            (no cloak)
rCorr   .            (no gloves)
SInv    .            (no boots)
Will    .....        (amulet unavailable)
Stlth   +            (ring unavailable)
HPRegen 0.24/turn    (ring unavailable)
MPRegen 0.08/turn    (no gizmo)

%: no passive effects
@: lightly drained, revving
A: off-hand wielding, slow wielding, warmup strikes, no jewellery
a: Invent Gizmo


You were on level 2 of the Dungeon.
You visited 1 branch of the dungeon, and saw 2 of its levels.

You collected 75 gold pieces.

Inventory:

Hand Weapons
 o - a +2 dagger of venom (offhand) {Yashnoor}
 p - a +0 hammer (weapon) {Pete}
Armour
 b - a +0 leather armour (worn)
Wands
 c - a wand of flame (8) (quivered)
 d - a wand of charming (15)
 e - a wand of iceblast (5)
Scrolls
 f - a scroll of teleportation {unknown}
 h - a scroll of amnesia {unknown}
 i - 2 scrolls of identify {unknown}
 l - a scroll of noise {unknown}
 n - a scroll of poison {unknown}
Potions
 g - a potion of mutation {unknown}
 j - a potion of curing {unknown}
 k - 2 potions of enlightenment {unknown}
 m - a potion of brilliance {unknown}


   Skills:
 + Level 2.3 Fighting
 + Level 1.0 Maces & Flails
 - Level 1.7 Armour
 - Level 0.8 Dodging
 - Level 0.7 Stealth
 + Level 4.9 Evocations


You had 2 spell levels left.
You didn't know any spells.
Your spell library contained the following spells:

 Spells                   Type           Power      Damage    Failure   Level
 Apportation              Tloc           0%         N/A       43%         1
 Slow                     Hex            0%         N/A       43%         1
 Ensorcelled Hibernation  Hex/Ice        0%         N/A       56%         2
 Jinxbite                 Hex            0%         N/A       56%         2
 Confusing Touch          Hex            0%         N/A       80%         3
 Fugue of the Fallen      Necr           0%         N/A       80%         3
 Vampiric Draining        Necr           0%         2d6       80%         3
 Anguish                  Hex/Necr       0%         N/A       99%         4
 Alistair's Intoxication  Alch           0%         N/A       100%        5


Dungeon Overview and Level Annotations

Branches:
Dungeon (2/15)

Altars:

Shops:
D:2 *

Annotations:
D:2 Crazy Yiuf


Innate Abilities, Weirdness & Mutations

You can wield a second weapon in your off-hand.
It takes a long time for you to wield or remove held weapons.
Your first few attacks do less damage.
You cannot equip rings or amulets.


Message History

(? for menu, Esc to cancel) < or
a - a +0 club {Joji}; > or
o - a +2 dagger of venom {Yashnoor} You start parting from your weapon.
You continue parting from your +0 club {Joji}. x4
You whisper farewell to Joji.
You finish parting from your +0 club {Joji}.
You start attuning to your weapon.
You continue attuning to your +0 hammer. x5
You finish attuning to your +0 hammer.
You welcome your +0 hammer "Pete" into your grasp.
You drop a +0 club {Joji}.
Your movement speed is average.
Your attack delay is about 1.1.
Your damage rating with your +0 hammer {Pete} is about 9 (Base 8 x 110% (Str) x 105% (Skill)).
Your damage rating with your +2 dagger of venom {Yashnoor} is about 6 (Base 4 x 110% (Dex) x 103% (Skill) + 2 (Ench)).
You see here a +0 hammer.
Found seven hammers.
Found a runed translucent door.
You see here a +0 hammer.
Found a glowing hammer.
You see here a +0 hammer.
Crazy Yiuf shouts!
You see here a +0 hammer.
Found two hammers.
You see here a +0 hammer.
Okay, then.
You open the door.
Okay, then.
Unknown command.
You barely miss Crazy Yiuf with your +2 dagger of venom.
You hit Crazy Yiuf with your +0 hammer. Crazy Yiuf barely misses you.
You hit Crazy Yiuf but do no damage.
Crazy Yiuf is lightly wounded.
You hit Crazy Yiuf with your +2 dagger of venom.
Crazy Yiuf is poisoned.
Crazy Yiuf hits you with a +2 quarterstaff of chaos!
You feel drained.
Crazy Yiuf hits you with a +2 quarterstaff of chaos.
* * * LOW HITPOINT WARNING * * *
You are electrocuted!
Ouch! That really hurt!
You die...

###...########
###..........#
#...#
###........#
#...######
#........#
##.......#
#####
#...#.####
#########
#รท.)# #..##.#
#)))# #...#.#
))) #..##.#
#g# #..+..#
##@# #..####
#)## #..# ##)#
#..# #)## #..#
##)## #..#
#)..## ##.#
#....# #.#
#....# ##.#
##).#####..#


You could see Crazy Yiuf (very poisoned).

Vanquished Creatures
  A dart slug (D:2)
  A ribbon worm (D:2)
  A ball python (D:2)
  6 bats
  5 endoplasms
  6 hobgoblins
  2 jackals (D:1)
  2 quokkas (D:1)
  2 frilled lizards (D:2)
  4 goblins
  5 kobolds (D:1)
  4 rats
39 creatures vanquished.

Notes
Turn   | Place    | Note
-------+----------+-------------------------------------------
     0 | D:1      | bobo the Coglin Artificer began the quest for the Orb.
     0 | D:1      | Reached XP level 1. HP: 15/15 MP: 1/1
    50 | D:1      | Reached XP level 2. HP: 9/21 MP: 2/2
   411 | D:1      | Reached XP level 3. HP: 27/27 MP: 3/3
   998 | D:2      | Found Hyusch's Assorted Antiques.
  1070 | D:2      | Found a faded altar of an unknown god.
  1193 | D:2      | Reached skill level 1 in Maces & Flails
  1537 | D:2      | Found a runed translucent door.
  1538 | D:2      | Noticed Crazy Yiuf
  1543 | D:2      | Mangled by Crazy Yiuf

Illustrated notes

Levels and vault maps discovered:
D:1:      minmay_arrival_wavy_path, layout_basic
D:2:      layout_basic, serial_shops, shop, ebering_ecumenical_altar_rust,
          uniq_crazy_yiuf_cottage

Skill      XL: |  1  2  3 |
---------------+----------+-----
Fighting       | 2 |  2.3
Maces & Flails | 1 |  1.0
Armour         | |  1.7
Dodging        | |  0.8
Stealth        | |  0.7
Evocations     | |  4.9

Action                     || total
---------------------------++-------
  Melee: Club              ||   144
         Dagger            ||    31
         Mace              ||     2
  Evoke: Wand              ||     7
   Stab: Sleeping          ||     1
 Armour: Leather armour    ||    76
  Dodge: Dodged            ||    67

Table legend: (Time is in decaauts)
 A = Elapsed time spent in this place.
 B = Non-inter-level travel time spent in this place.
 C = Inter-level travel time spent in this place.
 D = Time resting spent in this place.
 E = Time spent auto-exploring this place.
 F = Levels seen in this place.
 G = Mean time per level.
                   A        B        C        D        E       F      G
               +--------+--------+--------+--------+--------+-----+--------+
         Total |   1565 |   1552 |     13 |      0 |   1224 |   2 |  782.5 |
       Dungeon |   1565 |   1552 |     13 |      0 |   1224 |   2 |  782.5 |
               +--------+--------+--------+--------+--------+-----+--------+

Top non-repeatable levels by time:
     D:1: 972 daAuts
     D:2: 592 daAuts
